 Dungeon Crawl Stone Soup version 0.28.0-53-g5a82cb258f (webtiles) character file.

Game seed: 12832343139451895475

10 PentaManta the Insei (level 2, 0/21 HPs)
             Began as a Merfolk Transmuter on June 6, 2022.
             Killed from afar by a dart slug (3 damage)
             ... with a slug dart
             ... on level 1 of the Dungeon.
             The game lasted 00:00:59 (625 turns).

PentaManta the Insei (Merfolk Transmuter)            Turns: 625, Time: 00:00:59

Health: 0/21       AC:  2    Str: 10    XL:     2   Next: 20%
Magic:  5/5        EV: 12    Int: 12    God:
Gold:   30         SH:  0    Dex: 14    Spells: 4/5 levels left

rFire   . . .      SeeInvis .     - Unarmed
rCold   . . .      Faith    .   (no shield)
rNeg    . . .      Spirit   .   a - +0 robe
rPois   .          Reflect  .   (no helmet)
rElec   .          Harm     .   (no cloak)
rCorr   .          Rampage  .   (no gloves)
Will    .....                   (no boots)
Stlth   +.........              (no amulet)
HPRegen 0.07/turn               (no ring)
MPRegen 0.09/turn               (no ring)

@: no status effects
A: (nimble swimmer 2), mertail
a: no special abilities


You were on level 1 of the Dungeon.
You visited 1 branch of the dungeon, and saw 1 of its levels.

You collected 30 gold pieces.

Inventory:

Armour
 a - a +0 robe (worn)
 b - a +0 buckler


   Skills:
 - Level 1.1 Fighting
 - Level 2.6 Dodging
 - Level 3.2 Unarmed Combat
 + Level 2.4 Spellcasting
 + Level 3.2 Transmutations


You had 4 spell levels left.
You knew the following spells:

 Your Spells              Type           Power      Damage    Failure   Level
a - Beastly Appendage     Tmut           18%        N/A       7%          1

Your spell library contained the following spells:

 Spells                   Type           Power      Damage    Failure   Level
 Wereblood                Tmut           9%         N/A       11%         2
 Spider Form              Tmut/Pois      5%         N/A       38%         3
 Ice Form                 Ice/Tmut       5%         N/A       80%         4


Dungeon Overview and Level Annotations

Branches:
Dungeon (1/15)

Altars:


Innate Abilities, Weirdness & Mutations

((You are very nimble when in or above water. (Stealth+, EV+, Speed+++)))
Your lower body shifts to a powerful aquatic tail in water.


Message History

The ball python is severely wounded.
The bat misses you. The bat barely misses you. The ball python bites you.
The ball python misses you.
You barely miss the ball python. Your headbutt misses the ball python.
The ball python is severely wounded.
The bat misses you. The ball python misses you. The ball python grabs you.
The ball python constricts you. The bat closely misses you.
You barely miss the ball python.
The ball python is heavily wounded.
The bat hits you. The ball python bites you. The ball python constricts you.
The ball python bites you. The ball python constricts you.
You closely miss the ball python.
The ball python is moderately wounded.
The bat hits you but does no damage. The ball python bites you.
The ball python constricts you.
You are too injured to fight recklessly!
You are too injured to fight recklessly!
You closely miss the ball python.
The ball python is moderately wounded.
The bat barely misses you. The ball python bites you.
The ball python constricts you.
You hit the ball python.
The ball python is severely wounded.
Your horns disappear.
The bat hits you but does no damage. x2; The ball python bites you.
* * * LOW HITPOINT WARNING * * *
The ball python constricts you.
* * * LOW HITPOINT WARNING * * *
You escape the ball python's grasp.
A dart slug comes into view.
The bat barely misses you. The bat closely misses you.
A quokka comes into view.
The bat hits you but does no damage. The bat closely misses you.
The bat hits you but does no damage. The bat barely misses you.
The bat hits you but does no damage. The dart slug launches a dart at you.
The slug dart hits you.
You die...

#..............
#.............
#..).......
###...##..#### ###
#............##.
..#
###.#...##.r......
#.##
##...######S#...###
#..###..### #b#..w#
##...#.## #@....#
###...# #..#..#
#.....# .. ...# .#
#.###.## #.####.#
.# ##.# #..# .. .#
.# ...# ##.# #.# ##
.. # ####
#.##..#... .. ##
#.##.... ### .#
#.#..# .


You could see a dart slug, a quokka, a bat and a ball python.

Vanquished Creatures
  A ball python (D:1)
  2 endoplasms (D:1)
  A hobgoblin (D:1)
  A quokka (D:1)
  A bat (D:1)
  A frilled lizard (D:1)
  2 kobolds (D:1)
  A rat (D:1)
10 creatures vanquished.

Notes
Turn   | Place    | Note
-------+----------+-------------------------------------------
     0 | D:1      | PentaManta the Merfolk Transmuter began the quest for the
                  | Orb.
     0 | D:1      | Reached XP level 1. HP: 15/15 MP: 3/3
   363 | D:1      | Reached XP level 2. HP: 15/21 MP: 1/5
   625 | D:1      | Killed from afar by a dart slug

Illustrated notes

Levels and vault maps discovered:
D:1:      amcnicky_arrival_gap_in_the_tavern_cellar, layout_rooms

Skill      XL: |  1 |
---------------+----+-----
Transmutations | 3 |  3.2
Fighting       | |  1.1
Dodging        | |  2.6
Unarmed Combat | |  3.2
Spellcasting   | |  2.4

Action                   || total
-------------------------++-------
Melee: Unarmed           ||    33
       Headbutt          ||     3
 Cast: Beastly Appendage ||    11
Armor: Robe              ||    15
Dodge: Dodged            ||    28
